 Dungeon Crawl Stone Soup version 0.24-a0-163-g64c5a76fe2 (webtiles) character file.

Game seed: 13221604799932723004

349 MrRokkomies the Vexing (level 6, 0/43 HPs)
             Began as a Spriggan Arcane Marksman on Mar 6, 2019.
             Was a Follower of Nemelex Xobeh.
             Killed by nerve-wracking pain
             ... invoked by Menkaure
              (13 damage)
             ... on level 4 of the Dungeon.
             The game lasted 00:09:38 (3964 turns).

MrRokkomies the Vexing (Spriggan Arcane Marksman)   Turns: 3964, Time: 00:09:39

Health: 0/43       AC:  2    Str: 12    XL:     6   Next: 33%
Magic:  9/9        EV: 20    Int: 18    God:    Nemelex Xobeh [*.....]
Gold:   150        SH:  0    Dex: 17    Spells: 1/7 levels left

rFire    . . .     SeeInvis +   a - +0 short sword
rCold    . . .     Gourm    .   (shield restricted)
rNeg     . . .     Faith    .   e - +0 robe
rPois    .         Spirit   .   (helmet restricted)
rElec    .         Reflect  .   (no cloak)
rCorr    .         Harm     .   (gloves unavailable)
MR       +....                  (boots unavailable)
Stlth    ..........             (no amulet)
HPRegen  0.14/turn              l - +3 ring of intelligence
MPRegen  0.11/turn              (no ring)

@: berserking (expiring), very quick
A: very small, unfitting armour, see invisible, herbivore, speed 3, slow
metabolism 2
a: Draw Escape, Draw Destruction, Draw Summoning, Renounce Religion


You were on level 4 of the Dungeon.
You worshipped Nemelex Xobeh.
Nemelex Xobeh was aware of your devotion.
You were not hungry.

You visited 1 branch of the dungeon, and saw 4 of its levels.
You also visited: Sewer.

You collected 150 gold pieces.

Inventory:

Hand Weapons
 a - a +0 short sword (weapon)
 b - a +0 hunting sling
Missiles
 d - 26 sling bullets
 h - 49 poisoned needles
 j - 82 stones (quivered)
Armour
 e - a +0 robe (worn)
Jewellery
 l - a +3 ring of intelligence (left hand)
Wands
 o - a wand of paralysis (8)
Scrolls
 c - a scroll of remove curse
 m - 2 scrolls of teleportation
Potions
 g - 2 potions of agility
 i - 3 potions of curing
 k - 3 potions of heal wounds
 n - a potion of berserk rage
 p - a potion of degeneration {unknown}
 r - a potion of lignification {unknown}
Comestibles
 f - 4 rations


   Skills:
 - Level 0.7 Fighting
 * Level 5.4 Slings
 + Level 5.0 Dodging
 - Level 1.3 Spellcasting
 * Level 6.1 Hexes


You had one spell level left.
You knew the following spells:

 Your Spells              Type           Power        Failure   Level  Hunger
a - Corona                Hex            ###....      1%          1    ##.....
b - Slow                  Hex            ###.....     2%          2    ###....
c - Portal Projectile     Hex/Tloc       ##....       17%         3    ####...

Your spell library contained the following spells:

 Spells                   Type           Power        Failure   Level  Hunger
 Cause Fear               Hex            ###.......   16%         4    #####..
 Inner Flame              Hex/Fire       ##......     17%         3    ####...
 Leda's Liquefaction      Hex/Erth       ##........   50%         4    #####..


Dungeon Overview and Level Annotations

Branches:
Dungeon (4/15)
 Temple: D:4-7

Altars:
Elyvilon
Gozag
Hepliaklqana
Nemelex Xobeh
Qazlal
Ru
Wu Jian

Annotations:
D:4 Menkaure


Innate Abilities, Weirdness & Mutations

You are very small and have problems with some larger weapons.
You are too small for most types of armour.
You have supernaturally acute eyesight. (SInv)
You are a herbivore.
You cover ground extremely quickly.
You need to consume almost no food.


Message History

You feel yourself moving faster!
You feel mighty!
A bullfrog skeleton comes into view.
Menkaure shrieks, "Why can't you leave me to my rest?"
You feel a strong urge to attack something.
You see here a potion of heal wounds.
You completely miss Menkaure.
You feel sick.
You are no longer poisoned.
Menkaure completely misses you.
You puncture Menkaure!
Menkaure is moderately damaged.
You barely miss Menkaure.
Menkaure is moderately damaged.
The bullfrog skeleton hits you. Menkaure hits you!
You hit Menkaure.
Menkaure is heavily damaged.
The bullfrog skeleton barely misses you.
Menkaure casts a spell at you. Pain shoots through your body!
You die...
Your body disappears without a glow.

#### .... ###
#### .. .. .#
# .#
$####.###.##.#
........@M...#
..##.####Z####
# .# ## .# .#
.# .'...... ..
.###.... .. ##
.. ## #


You could see Menkaure and a bullfrog skeleton.

Vanquished Creatures
  A centaur (D:3)
  A crocodile (Sewer)
  A howler monkey (D:4)
  A centaur skeleton (D:4)
  8 adders
  2 worms (D:3)
  2 leopard geckos
  3 orcs (D:3)
  A ball python (D:3)
  6 bats
  A giant cockroach (D:1)
  3 goblins (D:1)
  3 hobgoblins
  3 jackals
  3 frilled lizards (D:1)
  8 kobolds
  6 rats
  A toadstool (D:1)
54 creatures vanquished.

Vanquished Creatures (others)
  3 toadstools (D:1)
3 creatures vanquished.

Grand Total: 57 creatures vanquished

Notes
Turn   | Place    | Note
-------+----------+-------------------------------------------
     0 | D:1      | MrRokkomies the Spriggan Arcane Marksman began the quest
                  | for the Orb.
     0 | D:1      | Reached XP level 1. HP: 9/9 MP: 3/3
   493 | D:1      | Reached XP level 2. HP: 9/14 MP: 3/5
   520 | D:1      | Learned a level 2 spell: Slow
   720 | D:1      | Reached skill level 4 in Hexes
  1360 | D:2      | Reached XP level 3. HP: 13/17 MP: 6/6
  1739 | D:2      | Reached XP level 4. HP: 9/21 MP: 2/7
  2102 | D:2      | Found a hazy altar of Hepliaklqana.
  2105 | D:2      | Found an opulent altar of Gozag.
  2108 | D:2      | Found a sparkling altar of Nemelex Xobeh.
  2112 | D:2      | Became a worshipper of Nemelex Xobeh the Trickster
  2129 | D:3      | Received a gift from Nemelex Xobeh
  2215 | D:3      | Found an ornate altar of the Wu Jian Council.
  2240 | D:3      | Noticed a centaur
  2263 | D:3      | HP: 1/21 [centaur (9)]
  2269 | D:3      | Killed a centaur
  2269 | D:3      | Reached skill level 5 in Hexes
  2269 | D:3      | Reached XP level 5. HP: 2/25 MP: 3/8
  2485 | D:3      | Found a glowing drain.
  2567 | Sewer    | Entered a sewer
  2718 | Sewer    | Noticed a crocodile
  2724 | Sewer    | Learned a level 3 spell: Portal Projectile
  2907 | Sewer    | Killed a crocodile
  2907 | Sewer    | Reached skill level 5 in Slings
  3531 | D:3      | Reached XP level 6. HP: 29/29 MP: 9/9
  3564 | D:3      | Found a stormy altar of Qazlal.
  3703 | D:4      | Reached skill level 6 in Hexes
  3779 | D:4      | Found a white marble altar of Elyvilon.
  3779 | D:4      | Found a sacrificial altar of Ru.
  3780 | D:4      | Received a gift from Nemelex Xobeh
  3872 | D:4      | Reached skill level 5 in Dodging
  3942 | D:4      | Reached * piety under Nemelex Xobeh
  3957 | D:4      | Noticed Menkaure
  3964 | D:4      | Killed from afar by Menkaure

Levels and vault maps discovered:
D:1:      ldierk_water_garden, layout_basic
D:2:      layout_rooms, grunt_temple_overflow_diamond, minmay_octomino_j4
D:3:      layout_rooms, lemuel_doored_altar, overflow_temple_1_default,
          cheibrodos_sewer_entry_sluice
D:4:      layout_loops_corners, grunt_temple_overflow_growth_and_decay,
          amethyst_overflow_temple_binary, uniq_ijyb, uniq_menkaure,
          uniq_eustachio, uniq_crazy_yiuf_cottage
Sewer:    sewer_the_crocodile

Skill      XL: |  1  2  3  4  5  6 |
---------------+-------------------+-----
Hexes          | 4 5 6 |  6.1
Slings         | 3 4 5 |  5.4
Dodging        | 4 5 |  5.0
Fighting       | |  0.7
Spellcasting   | |  1.3

Action                   |  1- 3 |  4- 6 || total
-------------------------+-------+-------++-------
Melee: Unarmed           |    14 |       ||    14
       Dagger            |     2 |       ||     2
       Short sword       |       |     4 ||     4
 Fire: Hunting sling     |    97 |   230 ||   327
 Cast: Corona            |    13 |    16 ||    29
       Slow              |     3 |    12 ||    15
  Use: Scroll            |     2 |     6 ||     8
       Potion            |       |     2 ||     2
  Eat: Ration            |       |     1 ||     1
Armor: Robe              |     2 |     6 ||     8
Dodge: Dodged            |    35 |    85 ||   120

Table legend:
 A = Non-vault XP
 B = Vault XP
 C = Vault XP percentage of total XP
 D = Non-vault monster count
 E = Vault monster count
 F = Vault count percentage of total count
                 A         B        C        D         E       F
            +---------+---------+-------+---------+---------+-------
      Total |     371 |     128 |  25.7 |      41 |      12 |  22.6
            +---------+---------+-------+---------+---------+-------
        D:1 |      20 |       0 |   0.0 |      12 |       0 |   0.0
        D:2 |      77 |       3 |   3.8 |      12 |       2 |  14.3
        D:3 |     167 |      14 |   7.7 |      14 |       4 |  22.2
        D:4 |     107 |       0 |   0.0 |       3 |       0 |   0.0
      Sewer |       0 |     111 | 100.0 |       0 |       6 | 100.0
            +---------+---------+-------+---------+---------+-------
